 Seeded DCSS version 0.31.0-32-g396128a36d (webtiles) character file.

Game seed: 10529181055078163265 (custom seed)

647177 timneilson the Cutthroat (level 27, -49/186 HPs)
             Began as a Kobold Enchanter on Apr 4, 2024.
             Was a High Priest of Ashenzari.
             Killed from afar by an orb of fire (83 damage)
             ... with a fireball
             ... on level 5 of the Realm of Zot.
             The game lasted 07:12:32 (74588 turns).

timneilson the Cutthroat (Kobold Enchanter)        Turns: 74588, Time: 07:12:32

Health: -49/186    AC: 12    Str: 16    XL:     27
Magic:  32/32      EV: 49    Int: 21    God:    Ashenzari [*****.]
Gold:   7068       SH: 22    Dex: 32    Spells: 33/52 levels left

rFire   . . .        i - +8 arc blade {discharge, rElec, Dev, Melee} (curse)
rCold   + + +        t - +5 kite shield of the Eternal Prison {reflect, Elem, Fort} (curse)
rNeg    + . .        E - +0 troll leather armour of Ashenzari's Negation {Regen+, Cun, Dev} (curse)
rPois   +            (helmet restricted)
rElec   +            M - scarf "Loss of Ashenzari" {rC+ rF+, rN+ Regen+ Str-2 Int+3, Bglg, Melee} (curse)
rCorr   .            g - +2 pair of gloves of Toth-Mos's Legacy {Str+2, Bglg, Sorc} (curse)
SInv    +            Z - +2 pair of boots "Share My Irritation" {Self, Comp} (curse)
Will    ++...        a - amulet "Share My Jealousy" {Rampage rC+++ Regen+ Str+3 Stlth-, Bglg, Self} (curse)
Stlth   +++++++++    p - ring "Discomfort of Ashenzari" {Dex+6, Elem, Dev} (curse)
HPRegen 2.91/turn    D - ring "Share My Seeker" {Wiz rPois Int+2 Dex+2, Cun, Dev} (curse)
MPRegen 0.23/turn

%: reflection, clarity, rampage, wizardry (x1)
@: silenced
A: small, no large weapons, nightstalker 3, antennae 1, low MP 2, strong 1, cold
vulnerability 1, heat vulnerability 1
}: 4/15 runes: decaying, serpentine, slimy, silver
a: Renounce Religion, Curse Item, Shatter the Chains


You were on level 5 of the Realm of Zot.
You worshipped Ashenzari.
Ashenzari was extremely pleased with you.
You visited 15 branches of the dungeon, and saw 59 of its levels.
You visited 1 bazaar.
You also visited: Sewer, Ossuary, Bailey, Ice Cave, Volcano and Desolation.

You collected 12338 gold pieces.
You spent 5270 gold pieces at shops.

Inventory:

Hand Weapons
 i - the cursed +8 arc blade (weapon) {discharge, rElec, Dev, Melee}
   (You found it on level 2 of the Dungeon)

   rElec:     It insulates you from electricity.
   It has a curse which improves the following skills: Devices: Evocations and
   Shapeshifting.
   Melee Combat: Short Blades, Long Blades, Axes, Maces & Flails, Polearms,
   Staves and Unarmed Combat.
Missiles
 b - 16 curare-tipped darts
 j - 63 poisoned darts
 N - 7 throwing nets (quivered)
Armour
 g - the cursed +2 pair of gloves of Toth-Mos's Legacy (worn) {Str+2, Bglg, Sorc}
   (You bought it in a shop on level 1 of the Vaults)

   Str+2:     It affects your strength (+2).
   It has a curse which improves the following skills: Beguiling: Hexes and
   Translocations.
   Sorcery:   Conjurations and Alchemy.
 m - the +3 helmet "Kiss" {rN+ Regen+ Dex+2}
   (You found it on level 5 of the Pits of Slime)

   Dex+2:     It affects your dexterity (+2).
   rN+:       It protects you from negative energy.
   Regen+:    It increases your rate of health regeneration.
 t - the cursed +5 kite shield of the Eternal Prison (worn) {reflect, Elem, Fort}
   (You took it off a naga warrior on level 4 of the Snake Pit)

   It has a curse which improves the following skills: Elements: Fire Magic, Ice
   Magic, Air Magic and Earth Magic.
   Fortitude: Armour and Shields.
 E - the cursed +0 troll leather armour of Ashenzari's Negation (worn) {Regen+, Cun, Dev}
   (You found it on level 9 of the Dungeon)

   Regen+:    It increases your rate of health regeneration.
   It has a curse which improves the following skills: Cunning: Dodging and
   Stealth.
   Devices:   Evocations and Shapeshifting.
 M - the cursed scarf "Loss of Ashenzari" (worn) {rC+ rF+, rN+ Regen+ Str-2 Int+3, Bglg, Melee}
   (You found it on level 3 of the Crypt)

   Str-2:     It affects your strength (-2).
   Int+3:     It affects your intelligence (+3).
   rN+:       It protects you from negative energy.
   Regen+:    It increases your rate of health regeneration.
   It has a curse which improves the following skills: Beguiling: Hexes and
   Translocations.
   Melee Combat: Short Blades, Long Blades, Axes, Maces & Flails, Polearms,
   Staves and Unarmed Combat.
 Q - the +5 robe of Night {Dark Will+ SInv}
   (You found it on level 5 of the Vaults)

   Dark:      It shrouds the wearer in darkness, reducing the range at which
   they can see and be seen by others.
   Will+:     It increases your willpower.
   SInv:      It lets you see invisible.
 Z - the cursed +2 pair of boots "Share My Irritation" (worn) {Self, Comp}
   (You found it on level 3 of the Realm of Zot)

   It has a curse which improves the following skills: Introspection: Fighting
   and Spellcasting.
   Companions: Summonings and Necromancy.
Jewellery
 a - the cursed amulet "Share My Jealousy" (around neck) {Rampage rC+++ Regen+ Str+3 Stlth-, Bglg, Self}
   (You acquired it on level 1 of the Depths)

   [amulet of regeneration]

   Str+3:     It affects your strength (+3).
   rC+++:     It renders you almost immune to cold.
   Regen+:    It increases your rate of health regeneration.
   Rampage:   It bestows one free step when moving towards enemies.
   Stlth-:    It makes you less stealthy.
   It has a curse which improves the following skills: Beguiling: Hexes and
   Translocations.
   Introspection: Fighting and Spellcasting.
 p - the cursed ring "Discomfort of Ashenzari" (left hand) {Dex+6, Elem, Dev}
   (You found it on level 4 of the Snake Pit)

   [ring of dexterity]

   Dex+6:     It affects your dexterity (+6).
   It has a curse which improves the following skills: Elements: Fire Magic, Ice
   Magic, Air Magic and Earth Magic.
   Devices:   Evocations and Shapeshifting.
 y - a ring of resist corrosion
 D - the cursed ring "Share My Seeker" (right hand) {Wiz rPois Int+2 Dex+2, Cun, Dev}
   (You found it on level 5 of the Vaults)

   [ring of wizardry]

   Wiz:       It improves your spell success rate.
   Int+2:     It affects your intelligence (+2).
   Dex+2:     It affects your dexterity (+2).
   rPois:     It protects you from poison It has a curse which improves the
   following skills: Cunning: Dodging and Stealth.
   Devices:   Evocations and Shapeshifting.
Talismans
 O - the death talisman of Duty {Dex+5}
   (You took it off Josephina on level 3 of the Crypt)

   [talisman of death]

   Dex+5:     It affects your dexterity (+5).
Wands
 z - a wand of flame (100)
 A - a wand of paralysis (70)
 C - a wand of mindburst (88)
 R - a wand of acid (30)
 U - a wand of iceblast (12)
 W - a wand of digging (36)
Scrolls
 d - 2 scrolls of poison
 h - 20 scrolls of teleportation
 l - 7 scrolls of enchant armour
 s - 7 scrolls of blinking
 v - 14 scrolls of enchant weapon
 B - 8 scrolls of revelation
 G - 8 scrolls of fear
 H - 3 scrolls of summoning
 J - a scroll of amnesia
 P - a scroll of immolation
 T - 8 scrolls of fog
 X - a scroll of torment
 Y - 2 scrolls of silence
Potions
 c - a potion of resistance
 e - 4 potions of berserk rage
 f - 8 potions of attraction
 n - 6 potions of ambrosia
 o - 12 potions of curing
 q - 5 potions of haste
 u - 4 potions of cancellation
 x - 16 potions of might
 I - 3 potions of enlightenment
 K - 5 potions of mutation
 S - 3 potions of invisibility
 V - 2 potions of heal wounds
Miscellaneous
 k - the horn of Geryon
 r - a phantom mirror
 w - a condenser vane
 F - a box of beasts (inert)
 L - a phial of floods


   Skills:
 * Level 19.7(22.5) Fighting
 + Level 26.8(27) Short Blades
 + Level 13.6 Throwing
 + Level 14.0(16.0) Armour
 - Level 24.3(27) Dodging
 - Level 24.3(27) Stealth
 + Level 12.7(14.8) Shields
 - Level 9.9(13.1) Spellcasting
 - Level 4.4(6.4) Conjurations
 - Level 9.6(13.8) Hexes
 - Level 4.1(7.9) Translocations
 - Level 3.7(6.5) Ice Magic
 - Level 8.7(11.9) Air Magic
 - Level 4.0(6.9) Earth Magic
 + Level 18.3(23.1) Evocations
 * Level 11.5(16.5) Shapeshifting


You had 33 spell levels left.
You knew the following spells:

 Your Spells              Type           Power      Damage    Failure   Level
a - Silence               Hex/Air        30%        N/A       1%          5
b - Dazzling Flash        Conj/Hex       100%       N/A       1%          3
c - Ensorcelled Hibernat  Hex/Ice        100%       N/A       1%          2
d - Passwall              Erth           42%        N/A       1%          3
e - Blink                 Tloc           92%        N/A       1%          2
f - Swiftness             Air            59%        N/A       1%          3
g - Apportation           Tloc           92%        N/A       1%          1

Your spell library contained the following spells:

 Spells                   Type           Power      Damage    Failure   Level
 Freeze                   Ice            100%       1d10      1%          1
 Kiss of Death            Conj/Necr      100%       2d13      1%          1
 Magic Dart               Conj           100%       1d8       1%          1
 Sandblast                Erth           84%        2d18      1%          1
 Slow                     Hex            100%       N/A       1%          1
 Sting                    Conj/Alch      100%       1d9       1%          1
 Cigotuvi's Dreadful Rot  Necr/Alch/Air  62%        N/A       1%          2
 Jinxbite                 Hex            100%       N/A       1%          2
 Lesser Beckoning         Tloc           92%        N/A       1%          2
 Static Discharge         Conj/Air       100%       3-8/arc   1%          2
 Confusing Touch          Hex            64%        N/A       1%          3
 Frozen Ramparts          Ice            82%        1d13      1%          3
 Gell's Gravitas          Tloc           46%        N/A       1%          3
 Hailstorm                Conj/Ice       41%        3d9       1%          3
 Inner Flame              Hex/Fire       43%        N/A       1%          3
 Mephitic Cloud           Conj/Alch/Air  39%        N/A       1%          3
 Ozocubu's Armour         Ice            41%        N/A       1%          3
 Sigil of Binding         Hex            64%        N/A       1%          3
 Stone Arrow              Conj/Erth      82%        3d12      1%          3
 Teleport Other           Tloc           46%        N/A       1%          3
 Tukima's Dance           Hex            64%        N/A       1%          3
 Volatile Blastmotes      Fire/Tloc      62%        2d15      1%          3
 Cause Fear               Hex            32%        N/A       1%          4
 Dimensional Bullseye     Hex/Tloc       28%        N/A       1%          4
 Iskenderun's Mystic Bla  Conj/Tloc      43%        2d10      1%          4
 Manifold Assault         Tloc           46%        N/A       1%          4
 Passage of Golubria      Tloc           46%        N/A       1%          4
 Vhi's Electric Charge    Tloc/Air       100%       N/A       1%          4
 Metabolic Englaciation   Hex/Ice        27%        N/A       1%          5
 Summon Ice Beast         Ice/Summ       28%        N/A       2%          3
 Anguish                  Hex/Necr       21%        N/A       2%          4
 Brom's Barrelling Bould  Conj/Erth      41%        2d6       2%          4
 Necrotise                Necr           56%        1d6       3%          1
 Summon Small Mammal      Summ           56%        N/A       3%          1
 Summon Lightning Spire   Summ/Air       39%        N/A       3%          4
 Freezing Cloud           Conj/Ice/Air   24%        6-21      3%          5
 Scorch                   Fire           30%        2d6       4%          2
 Call Imp                 Summ           28%        N/A       5%          2
 Sublimation of Blood     Necr           14%        N/A       5%          2
 Lee's Rapid Deconstruct  Erth           21%        3d12*     6%          5
 Summon Mana Viper        Hex/Summ       43%        N/A       6%          5
 Iskenderun's Battlesphe  Conj           40%        2d9       8%          5
 Animate Armour           Summ/Erth      56%        N/A       9%          4
 Flame Wave               Conj/Fire      28%        2d9       9%          4
 Leda's Liquefaction      Alch/Erth      14%        N/A       9%          4
 Petrify                  Alch/Erth      28%        N/A       9%          4
 Fulminant Prism          Conj/Alch      13%        3d9       10%         4
 Fugue of the Fallen      Necr           14%        N/A       11%         3
 Vampiric Draining        Necr           14%        2d7       11%         3
 Enfeeble                 Hex            32%        N/A       12%         7
 Conjure Ball Lightning   Conj/Air       25%        3x3d7     13%         6
 Summon Forest            Summ/Tloc      15%        N/A       19%         5
 Fireball                 Conj/Fire      14%        3d8       26%         5
 Irradiate                Conj/Alch      13%        3d16      26%         5
 Dispel Undead            Necr           14%        3d10      32%         4
 Ignite Poison            Fire/Alch      15%        N/A       32%         4
 Martyr's Knell           Necr/Summ      14%        N/A       32%         4
 Sticky Flame             Fire/Alch      15%        2d5       32%         4
 Summon Blazeheart Golem  Fire/Summ      15%        N/A       32%         4
 Bombard                  Conj/Erth      20%        9d4       34%         6
 Alistair's Intoxication  Alch           9%         N/A       65%         5
 Curse of Agony           Necr           14%        N/A       65%         5
 Sculpt Simulacrum        Ice/Alch       14%        N/A       77%         6
 Starburst                Conj/Fire      14%        6d6       77%         6
 Orb of Destruction       Conj           20%        9d8       89%         7
 Death Channel            Necr           7%         N/A       99%         6
 Eringya's Noxious Bog    Alch           7%         4d6       99%         6
 Summon Cactus Giant      Summ           7%         N/A       99%         6
 Malign Gateway           Summ/Tloc      15%        N/A       99%         7
 Monstrous Menagerie      Summ           7%         N/A       100%        7
 Spellforged Servitor     Conj/Summ      13%        N/A       100%        7
 Summon Hydra             Summ           7%         N/A       100%        7
 Infestation              Necr           7%         N/A       100%        8
 Lehudib's Crystal Spear  Conj/Erth      20%        10d6      100%        8


Dungeon Overview and Level Annotations

Branches:
Dungeon (15/15)            Temple (1/1) D:7            Lair (5/5) D:9
  Swamp (4/4) Lair:2        Snake (4/4) Lair:3        Slime (5/5) Lair:4
    Orc (2/2) D:9             Elf (3/3) Orc:2        Vaults (5/5) D:13
  Crypt (3/3) Vaults:3       Tomb (1/3) Crypt:3      Depths (4/4) D:15
   Hell (visited)             Dis (1/7) Hell            Geh (0/7) Hell
    Coc (0/7) Hell            Tar (0/7) Hell            Zot (5/5) Depths:4
  Sewer (visited)         Ossuary (visited)          Bailey (visited)
  IceCv (visited)         Volcano (visited)         Desolation (visited)

Altars:
Ashenzari
Cheibriados
Dithmenos
Elyvilon
Fedhas
Gozag
Hepliaklqana
Kikubaaqudgha
Makhleb
Nemelex Xobeh
Okawaru
Qazlal
Ru
Sif Muna
Trog
Uskayaw
Vehumet
Wu Jian
Xom
Yredelemnul
Zin
The Shining One
Jiyva

Shops:
D:2 *   D:3 (   D:7 (   D:15 =   Orc:1 [   Orc:2 (=*!*   Elf:1 (?   Vaults:1 [
Vaults:3 :**(   Vaults:5 !?   Depths:1 ?   Depths:2 =   Depths:4 :==

Portals:
Hell: Depths:1 Depths:2 Depths:3 Depths:4
Abyss: Depths:2 Depths:3
Pandemonium: Orc:2 Depths:2
Ziggurat: Depths:1

Annotations:
Snake:3 exclusion: oklob plant
Tomb:1 exclusion: orange crystal statue
Zot:3 exclusion: lightning spire


Innate Abilities, Weirdness & Mutations

You are small and have problems with some larger weapons.
You are completely attuned to the shadows.
You have a pair of small antennae on your head.
Your magical capacity is very low. (-20% MP)
Your muscles are strong. (Str +4, Int/Dex -1)
You are vulnerable to cold. (rC-)
You are vulnerable to heat. (rF-)


Message History

You feel less energetic.
The orb of fire glows red.
The bolt of fire hits you!! You resist.
* * * LOW HITPOINT WARNING * * *
You hit the orb of fire but do no damage.
The arc blade crackles.
A blue arc grounds itself harmlessly.
The orb of fire is moderately damaged.
The orb of fire glows bright magenta.
The bolt of fire misses you.
You miss the orb of fire.
The orb of fire is moderately damaged.
You hit the orb of fire but do no damage.
The orb of fire is moderately damaged.
You miss the orb of fire.
The orb of fire is moderately damaged.
The orb of fire glows red.
The fireball explodes!
The fireball engulfs you!! You resist.
* * * LOW HITPOINT WARNING * * *
The fireball engulfs the orb of fire.
The orb of fire completely resists.
Unknown command.
The orb of fire emits a lurid red light.
The bolt of fire misses you.
The orb of fire glows red.
Strange energies course through your body.
You feel vulnerable to heat.
You feel much better.
The orb of fire glows red.
The fireball explodes!
The fireball engulfs you!!!
* * * LOW HITPOINT WARNING * * *
Okay, then.
You open the lid... ...and an elder shocksting beast leaps out!
The box is emptied!
The orb of fire glows bright magenta.
The bolt of fire misses you.
Your elder shocksting beast stings the orb of fire but does no damage.
You feel much better.
The orb of fire glows deep purple.
The fireball explodes!
The fireball engulfs you!!!!
You die...

.^▓▓.......................▓*
...▓..^...................▓▓
.....*...................▓▓
...▓................^.....▓▓
..▓▓.......................▓▓
.▓▓▓..)................^....▓
▓▓ #..........H.....).......▓
##...........*.......^..▓▓
##▓.........@.........▓▓
▓▓▓▓...............▓▓
#▓▓▓▓▓▓▓▓▓▓▓##.....▓▓
###...................##
##..).##.^....)[....^...##
###...###..................##
.....###).........^^........#
....## #......).)....^......#
....# #....................#


You could see an orb of fire (unsilenced, ally target) and a friendly elder
shocksting beast (summoned, unsilenced).

Vanquished Creatures
  the Royal Jelly (Slime:5)
  3 dread liches
  Frederick (Vaults:2)
  3 ancient liches
  Khufu (Crypt:2)
  Mennas (Crypt:3)
  2 orbs of fire (Zot:5)
  2 royal mummies (Tomb:1)
  Sojobo (Depths:3)
  Josephina (Crypt:3)
  Bai Suzhen (Crypt:3)
  2 Killer Klowns (Zot:5)
  A curse toe (Zot:1)
  4 caustic shrikes (Dis:1)
  Geryon (Hell)
  5 golden dragons
  the Enchantress (Depths:1)
  3 electric golems
  3 doom hounds (Hell)
  9 tentacled monstrosities
  Zenata (Elf:1)
  A deep elf blademaster (Elf:3)
  5 liches
  4 titans
  6 quicksilver dragons
  A walking frostbound tome (Depths:2)
  22 Orb Guardians (Zot:5)
  10 sphinxes
  Murray (Depths:1)
  2 ancient champions
  2 deep elf master archers (Elf:3)
  7 death cobs
  14 acid blobs
  10 shadow dragons
  18 storm dragons
  8 tengu reavers
  Donald (Orc:2)
  5 nagarajas
  2 revenants
  14 rockslimes
  6 draconian shifters
  A protean progenitor (Zot:2)
  4 draconian monks
  7 fire giants
  13 azure jellies
  2 fenstrider witches
  4 draconian knights
  21 vault wardens
  9 deep elf sorcerers
  3 imperial myrmidons (Desolation)
  Louise (D:15)
  5 draconian scorchers
  7 frost giants
  3 balrugs
  2 curse skulls
  2 iron dragons (Hell)
  A deep elf elementalist (Elf:3)
  A ghost moth (Zot:4)
  8 draconian annihilators
  2 caustic shrike skeletons
  2 ghouls (Crypt:1)
  11 draconian stormcallers
  19 very ugly things
  3 reapers
  14 quicksilver oozes
  7 spriggan defenders
  15 ironbound preservers
  An ironbound thunderhulk (Vaults:3)
  3 orc warlords
  17 stone giants
  3 deep elf demonologists
  3 formless jellyfish
  An elemental wellspring (Depths:3)
  6 vampire knights
  13 black draconians
  11 green draconians
  10 deep elf death magi
  13 yellow draconians
  3 halazid warlocks (Desolation)
  11 red draconians
  4 dire elephants (Vaults:4)
  3 bunyips
  6 war gargoyles
  5 deep elf annihilators
  7 eleionomae
  13 white draconians
  4 spark wasps (Depths:4)
  4 purple draconians
  3 blizzard demons
  4 eidola
  A crystal guardian (Desolation)
  3 iron golems
  11 yaktaur captains
  11 ettins
  5 jiangshi (Crypt:2)
  A merfolk impaler (Depths:3)
  8 deep elf high priests
  15 hydras
  An entropy weaver (shapeshifter) (Elf:1)
  5 fire dragons
  4 ragged hierophants (Desolation)
  8 great orbs of eyes
  7 mummy priests (Tomb:1)
  8 salamander tyrants
  12 ironbound frosthearts
  2 hell beasts (Hell)
  2 demonspawn (Orc:2)
  33 vault guards
  9 alligators
  7 peacekeepers (Desolation)
  7 rakshasas
  2 shambling mangroves
  3 centaur warriors
  10 ice dragons
  2 death knights
  14 servants of whispers (Desolation)
  7 spriggan air magi
  A fenstrider witch skeleton (Tomb:1)
  2 two-headed ogres
  7 boulder beetles
  A catoblepas (Lair:3)
  A spriggan skeleton (Crypt:1)
  Erolcha (Orc:2)
  5 death scarabs (Tomb:1)
  23 death yaks
  A merfolk aquamancer (Depths:3)
  5 anacondas
  10 deep troll earth magi
  10 tengu warriors
  A satyr (Zot:2)
  16 naga warriors
  37 dancing weapons
  12 shock serpents
  4 deep troll shamans
  10 vampire magi
  12 naga sharpshooters
  7 orc high priests
  Sonja (Orc:2)
  Urug (Lair:5)
  5 spriggan berserkers
  2 occultists
  Nergalle (Orc:1)
  A skyshark (Lair:4)
  5 soul eaters
  25 deep elf knights
  A storm dragon zombie (Crypt:1)
  9 hell knights
  A crystal echidna (Dis:1)
  13 sun demons
  5 shadow wraiths
  3 titan skeletons
  7 goliath frogs
  Amaemon (D:8)
  6 iron trolls
  5 glowing orange brains
  13 skeletal warriors
  6 swamp dragons
  A salamander mystic (Snake:2)
  3 arcanists
  6 mana vipers
  A storm dragon skeleton (Crypt:3)
  4 bog bodies
  3 spriggan druids
  7 deep elf archers
  56 deep trolls
  2 naga ritualists
  A steelbarb worm (shapeshifter) (Vaults:5)
  An anaconda skeleton (Crypt:3)
  16 flayed ghosts
  15 phantasmal warriors
  28 ironbound convokers
  Pikel (D:8)
  34 deep elf pyromancers
  36 deep elf zephyrmancers
  4 necromancers
  15 orc knights
  A harpy (shapeshifter) (Elf:1)
  16 lindwurms
  13 harpies
  46 ugly things
  A wolf spider (Vaults:5)
  6 cyclopes
  7 orc sorcerers (Orc:2)
  A shadow dragon skeleton (Vaults:3)
  A shining eye (shapeshifter) (Elf:3)
  A frost giant zombie (Vaults:4)
  2 shining eyes (Slime:5)
  2 stone giant zombies
  A faun (shapeshifter) (D:15)
  8 salamanders
  A manticore (D:14)
  14 elephants
  A jorogumo skeleton (Crypt:2)
  21 moths of wrath
  30 black mambas
  4 will-o-the-wisps
  A shock serpent zombie (Crypt:1)
  A stone giant skeleton (Vaults:3)
  A meliai (shapeshifter) (Vaults:4)
  6 molten gargoyles
  Joseph (D:7)
  2 centaur zombies
  3 water nymphs (Depths:3)
  3 guardian serpents
  3 torpor snails
  6 rust devils (Hell)
  15 cane toads
  A dire elephant zombie (Crypt:1)
  3 ice statues
  A cane toad (shapeshifter) (D:13)
  2 orange demons
  14 smoke demons
  3 kobold blastminers (Orc:1)
  13 naga magi
  18 vault sentinels
  Maggie (D:7)
  7 gargoyles
  2 alligator snapping turtle zombies (Crypt:1)
  2 dire elephant skeletons
  2 centaur skeletons
  2 sea snake zombies (Hell)
  2 kobold demonologists
  2 naga skeletons (Crypt:3)
  Jeremiah (D:8)
  2 hellions
  4 rime drakes
  4 tengu conjurers
  An unseen horror (D:13)
  28 yaktaurs
  12 komodo dragons
  A bunyip simulacrum (Crypt:3)
  An efreet (Volcano)
  An anaconda simulacrum (Hell)
  A hydra zombie (Hell)
  5 ice devils
  15 freezing wraiths
  21 guardian mummies
  2 yaktaur skeletons
  An iron giant simulacrum (Crypt:3)
  9 polar bears
  10 tyrant leeches
  A bloated husk (Swamp:2)
  A merfolk (Depths:3)
  7 trolls
  2 glass eyes
  46 saltlings (Desolation)
  19 hornets
  27 blink frogs
  An ettin zombie (Vaults:4)
  A harpy skeleton (Crypt:3)
  3 dream sheep (Lair:5)
  A human simulacrum (Vaults:3)
  66 slime creatures
  7 shadows
  An ettin skeleton (Crypt:3)
  3 centaur simulacra
  A naga simulacrum (Crypt:1)
  62 yaks
  7 wraiths
  5 air elementals
  3 vampires
  4 wargs
  12 water elementals
  A golden eye (shapeshifter) (Vaults:5)
  13 spriggans
  4 wyverns
  6 fire elementals
  Grum (D:9)
  6 basilisks
  6 golden eyes
  7 ushabtiu
  Eustachio (D:4)
  A basilisk (shapeshifter) (D:13)
  3 steam dragons
  12 vampire mosquitoes
  A neqoxec (Orc:2)
  A sea snake simulacrum (Hell)
  4 swamp worm simulacra (Swamp:4)
  45 nagas
  A demonspawn zombie (Crypt:1)
  11 swamp worms
  3 acid dragons
  12 hydra simulacra (Swamp:4)
  16 water moccasins
  Duvessa (D:4)
  49 orc warriors
  7 black bears
  2 sky beasts
  An elephant zombie (Crypt:2)
  An ice beast (D:6)
  A manticore zombie (Crypt:1)
  A black bear (shapeshifter) (Depths:3)
  28 laughing skulls
  9 ogres
  11 centaurs
  30 wolves
  A phantom (D:5)
  4 lemures (D:8)
  3 elf zombies
  4 kobold brigands
  21 bullfrogs
  3 scorpions (D:5)
  A gnoll sergeant (Orc:1)
  3 earth elementals
  11 wights
  A water moccasin skeleton (Crypt:2)
  Dowan (D:4)
  17 killer bees
  A spriggan zombie (Crypt:1)
  A polar bear skeleton (Crypt:2)
  4 howler monkeys
  5 bombardier beetles
  4 hounds
  2 jellies
  A gnoll bouda (D:5)
  30 orc priests
  Jessica (D:3)
  4 human skeletons (Crypt:1)
  9 iguanas
  26 orc wizards
  6 human zombies
  15 hell rats
  A scorpion zombie (Crypt:2)
  A tengu zombie (Crypt:1)
  2 naga zombies (Crypt:1)
  7 hound zombies (Ossuary)
  16 mummies
  12 gnolls
  9 adders
  A steam dragon zombie (Crypt:1)
  A shadow imp (D:8)
  2 white imps
  2 ufetubi (D:6)
  4 swamp drake simulacra (Swamp:4)
  11 adder zombies
  8 dart slugs
  A ribbon worm (D:2)
  91 orcs
  12 ball pythons
  9 bats
  5 endoplasms
  10 giant cockroaches
  4 gnoll zombies (Ossuary)
  10 hobgoblins
  7 jackals (D:3)
  9 quokkas
  2 ball python zombies
  8 frilled lizards
  A frilled lizard skeleton (Crypt:2)
  A giant cockroach zombie (D:3)
  10 goblins
  3 jackal zombies (Ossuary)
  19 kobolds
  A kobold zombie (Ossuary)
  8 orc zombies (Ossuary)
  4 rats
  An aspiring flesh (Zot:2)
  A butterfly (Lair:1)
2672 creatures vanquished.

Vanquished Creatures (collateral kills)
  A caustic shrike (Dis:1)
  An acid blob (Slime:5)
  A rockslime (Slime:5)
3 creatures vanquished.

Vanquished Creatures (others)
  A death cob (Zot:4)
  A draconian stormcaller (Zot:4)
  A draconian annihilator (Zot:4)
  2 green draconians (Zot:4)
  2 red draconians (Zot:4)
  A goliath frog (Swamp:4)
  An arcanist (Vaults:3)
  A saltling (Desolation)
  An orc warrior (Orc:2)
  An orc wizard (D:5)
  8 foxfires
20 creatures vanquished.

Grand Total: 2695 creatures vanquished

Notes
Turn   | Place    | Note
-------+----------+-------------------------------------------
     0 | D:1      | timneilson the Kobold Enchanter began the quest for the
                  | Orb.
     0 | D:1      | Reached XP level 1. HP: 10/10 MP: 3/3
   183 | D:1      | Reached XP level 2. HP: 16/16 MP: 5/5
   254 | D:1      | Reached skill level 2 in Short Blades
   405 | D:1      | Reached XP level 3. HP: 18/20 MP: 6/6
   682 | D:2      | Reached skill level 1 in Fighting
   751 | D:2      | Found the +8 arc blade {discharge, rElec}
   760 | D:2      | Found Paojub's General Store.
  1064 | D:2      | Reached XP level 4. HP: 25/25 MP: 7/7
  1662 | D:3      | Noticed Jessica
  1666 | D:3      | Killed Jessica
  1667 | D:3      | Reached skill level 3 in Short Blades
  1667 | D:3      | Reached skill level 1 in Armour
  1713 | D:3      | Reached XP level 5. HP: 29/29 MP: 8/8
  1764 | D:3      | Found Ysiupura's Weapon Shoppe.
  1783 | D:3      | Got Eteiheo's Parchment of Dislocated Aeromancy
  1793 | D:3      | Noticed a black bear
  1804 | D:3      | Killed a black bear
  1805 | D:3      | Reached skill level 4 in Short Blades
  1805 | D:3      | Reached XP level 6. HP: 35/35 MP: 9/9
  2092 | D:4      | Noticed Duvessa
  2104 | D:4      | Killed Duvessa
  2104 | D:4      | Noticed Dowan
  2105 | D:4      | Reached skill level 5 in Stealth
  2109 | D:4      | Killed Dowan
  2110 | D:4      | Reached XP level 7. HP: 34/40 MP: 10/10
  2127 | D:4      | Found a sand-covered staircase.
  2132 | D:4      | Reached skill level 5 in Dodging
  2135 | Ossuary  | Entered an ossuary
  2171 | Ossuary  | Reached skill level 5 in Short Blades
  2364 | Ossuary  | Reached XP level 8. HP: 24/46 MP: 11/11
  2382 | Ossuary  | Reached skill level 6 in Short Blades
  2528 | D:4      | Found a glowing drain.
  2539 | Sewer    | Entered a sewer
  3193 | D:4      | Noticed Eustachio
  3197 | D:4      | Killed Eustachio
  3212 | D:4      | Reached skill level 7 in Short Blades
  3371 | D:4      | Found a stormy altar of Qazlal.
  3379 | D:4      | Reached XP level 9. HP: 49/52 MP: 12/12
  3380 | D:4      | Found a blossoming altar of Fedhas.
  3386 | D:4      | Found a radiant altar of Vehumet.
  3566 | D:4      | Noticed a +0 short sword
  3566 | D:4      | Noticed a +0 spear
  3566 | D:4      | Noticed a +0 dagger
  3566 | D:4      | Noticed a +0 dagger
  3567 | D:4      | Noticed a +0 short sword
  3568 | D:4      | Noticed a +0 spear
  3568 | D:4      | Noticed a +0 falchion
  3569 | D:4      | Noticed a +0 falchion
  3598 | D:4      | Found a hide-covered altar of Uskayaw.
  3698 | D:5      | Entered Level 5 of the Dungeon
  3893 | D:5      | Found a shimmering altar of Xom.
  3946 | D:5      | Reached skill level 8 in Short Blades
  4471 | D:5      | Found an ornate altar of the Wu Jian Council.
  4569 | D:6      | Found an opulent altar of Gozag.
  4855 | D:6      | Reached skill level 5 in Fighting
  4879 | D:6      | Noticed a cyclops
  4883 | D:6      | Killed a cyclops
  4884 | D:6      | Reached skill level 9 in Short Blades
  4884 | D:6      | Reached skill level 1 in Evocations
  4884 | D:6      | Reached XP level 10. HP: 59/59 MP: 13/13
  5843 | D:7      | Reached skill level 10 in Short Blades
  5944 | D:7      | Found Cyarotzopt's Weapon Boutique.
  5971 | D:7      | Found a flagged portal.
  5982 | Bailey   | Entered a bailey
  6203 | Bailey   | Noticed an orc knight
  6203 | Bailey   | Noticed an orc knight
  6392 | Bailey   | Noticed a kobold demonologist
  6396 | Bailey   | Killed a kobold demonologist
  6419 | Bailey   | Killed an orc knight
  6422 | Bailey   | Killed an orc knight
  6423 | Bailey   | Reached skill level 10 in Dodging
  6423 | Bailey   | Reached skill level 10 in Stealth
  6423 | Bailey   | Reached XP level 11. HP: 64/64 MP: 14/14
  6501 | Bailey   | Acquired 1186 gold pieces
  6504 | Bailey   | Found an iron altar of Okawaru.
  6505 | Bailey   | Noticed an orc high priest
  6520 | Bailey   | Killed an orc high priest
  6521 | Bailey   | Reached skill level 11 in Short Blades
  6521 | Bailey   | Reached skill level 5 in Armour
  6576 | Bailey   | Identified the +6 long sword of Zeapnok {freeze, ^Drain rF+
                  | Will+}
  6703 | D:7      | Noticed Joseph
  6707 | D:7      | Killed Joseph
  6757 | D:7      | Identified the +1 leather armour "Xumataja" {rElec rN+
                  | Stlth+}
  6938 | D:7      | Noticed Maggie
  6942 | D:7      | Killed Maggie
  6954 | D:7      | Found a staircase to the Ecumenical Temple.
  6962 | Temple   | Entered the Ecumenical Temple
  6981 | Temple   | Became a worshipper of Ashenzari the Shackled
  7094 | D:7      | Found a white marble altar of Elyvilon.
  7549 | D:8      | Noticed Jeremiah
  7553 | D:8      | Killed Jeremiah
  7709 | D:8      | Noticed Amaemon
  7724 | D:8      | Killed Amaemon
  7976 | D:8      | Noticed Pikel
  7986 | D:8      | Killed Pikel
  7987 | D:8      | Reached skill level 12 in Short Blades
  7987 | D:8      | Reached skill level 5 in Evocations
  8349 | D:8      | You fall into a shaft and drop 1 floor!
  8433 | D:9      | Found a staircase to the Orcish Mines.
  8473 | D:9      | Reached XP level 12. HP: 36/72 MP: 15/15
  8719 | D:9      | Noticed Grum
  8734 | D:9      | Killed Grum
  9060 | D:9      | Found a staircase to the Lair.
  9229 | D:9      | Reached * piety under Ashenzari
 10113 | D:10     | Entered Level 10 of the Dungeon
 10176 | D:10     | Reached ** piety under Ashenzari
 10294 | D:10     | Reached skill level 13 in Short Blades
 10426 | D:10     | Found a basalt altar of Yredelemnul.
 11105 | D:11     | Reached skill level 1 in Shields
 11145 | D:11     | Reached *** piety under Ashenzari
 11254 | D:11     | Noticed a boulder beetle
 11274 | D:11     | Killed a boulder beetle
 11423 | D:11     | Reached XP level 13. HP: 78/78 MP: 16/16
 11880 | Lair:1   | Entered Level 1 of the Lair of Beasts
 11897 | Lair:1   | Found a frozen archway.
 11905 | IceCv    | Entered an ice cave
 12020 | IceCv    | Reached skill level 14 in Short Blades
 12354 | IceCv    | Identified the +6 great sword "Jellybane" {spect, Int+6}
 12388 | IceCv    | Noticed an ironbound frostheart
 12388 | IceCv    | Noticed an ironbound frostheart
 12410 | IceCv    | Killed an ironbound frostheart
 12430 | IceCv    | Killed an ironbound frostheart
 12823 | Lair:1   | Reached skill level 15 in Stealth
 12865 | Lair:1   | Reached **** piety under Ashenzari
 12949 | Lair:1   | Reached skill level 15 in Short Blades
 12949 | Lair:1   | Reached XP level 14. HP: 90/90 MP: 19/19
 13638 | Lair:2   | Found a dark tunnel.
 13671 | Volcano  | Entered a volcano
 13776 | Volcano  | Noticed a stone giant
 13792 | Volcano  | Killed a stone giant
 13995 | Lair:2   | Found a staircase to the Swamp.
 15245 | Lair:3   | Reached skill level 16 in Short Blades
 15276 | Lair:3   | Found a staircase to the Snake Pit.
 15459 | Lair:3   | Reached XP level 15. HP: 96/96 MP: 23/23
 15562 | Lair:3   | Reached skill level 10 in Fighting
 15595 | Lair:3   | Reached skill level 15 in Dodging
 16164 | Lair:4   | Found a viscous altar of Jiyva.
 16164 | Lair:4   | Found a staircase to the Slime Pits.
 16693 | Lair:5   | Entered Level 5 of the Lair of Beasts
 16783 | Lair:5   | Noticed Urug
 16820 | Lair:5   | Killed Urug
 16962 | Lair:5   | Reached skill level 5 in Spellcasting
 17125 | Lair:5   | Reached skill level 5 in Shields
 17400 | Lair:5   | Reached skill level 17 in Short Blades
 17616 | Lair:5   | Reached XP level 16. HP: 84/102 MP: 26/26
 18141 | Orc:1    | Entered Level 1 of the Orcish Mines
 18219 | Orc:1    | Found a burning altar of Makhleb.
 18232 | Orc:1    | Reached skill level 10 in Evocations
 18695 | Orc:1    | Noticed Nergalle
 18699 | Orc:1    | Killed Nergalle
 18823 | Orc:2    | Entered Level 2 of the Orcish Mines
 18885 | Orc:2    | Noticed Sonja
 18889 | Orc:2    | Killed Sonja
 18948 | Orc:2    | Noticed Erolcha
 18962 | Orc:2    | Killed Erolcha
 19108 | Orc:2    | Found Nirruydghu's Gadget Gallery.
 19144 | Orc:2    | Noticed Donald
 19160 | Orc:2    | Killed Donald
 19541 | Orc:2    | Found a staircase to the Elven Halls.
 19674 | Orc:1    | Found Diamew's Antique Armour Emporium.
 19679 | Orc:1    | Bought a helmet for 117 gold pieces
 19898 | Orc:2    | Found Teonugee's Distillery.
 19979 | Orc:2    | Found Yteupp's General Store.
 20393 | Orc:2    | Found Horupsonk's Antique Weapon Shop.
 20393 | Orc:2    | Found a one-way gate leading to the halls of Pandemonium.
 20393 | Orc:2    | Found Caalayf's Jewellery Boutique.
 20998 | D:12     | Reached skill level 18 in Short Blades
 21127 | D:12     | Found an ancient bone altar of Kikubaaqudgha.
 22038 | D:13     | Learned a level 5 spell: Silence
 22042 | D:13     | Learned a level 3 spell: Dazzling Flash
 22045 | D:13     | Learned a level 2 spell: Ensorcelled Hibernation
 22054 | D:13     | Identified the +2 robe "Vuqurraext" {^Drain rElec Stlth+}
 22057 | D:13     | Reached XP level 17. HP: 110/110 MP: 30/30
 22404 | D:13     | Identified the ring "Qiaj" {Wiz *Slow rElec Int+6 Stlth+}
 22464 | D:13     | Found a gate to the Vaults.
 22598 | D:14     | Reached skill level 1 in Conjurations
 22654 | D:14     | Reached skill level 1 in Ice Magic
 22659 | D:14     | Reached skill level 1 in Air Magic
 22676 | D:14     | Identified the +1 barding of the Last Dreams {rC++ Str+4}
 23001 | D:14     | Found a basalt altar of Yredelemnul.
 23243 | D:15     | Entered Level 15 of the Dungeon
 23255 | D:15     | Reached skill level 1 in Translocations
 23373 | D:15     | Noticed Louise
 23377 | D:15     | Killed Louise
 23418 | D:15     | Found Gil Tim's Jewellery Emporium.
 23421 | D:15     | Bought an amulet of reflection for 330 gold pieces
 23947 | D:15     | Learned a level 3 spell: Passwall
 23970 | D:15     | Found an ornate altar of the Wu Jian Council.
 24246 | D:15     | Found a staircase to the Depths.
 24475 | Snake:1  | Entered Level 1 of the Snake Pit
 24562 | Snake:1  | Reached skill level 1 in Earth Magic
 26295 | Snake:2  | Reached ***** piety under Ashenzari
 26336 | Snake:2  | Reached XP level 18. HP: 68/117 MP: 32/32
 26947 | D:2      | Bought a book of Minor Magic for 160 gold pieces
 26947 | D:2      | Bought a potion of heal wounds for 50 gold pieces
 27121 | Orc:2    | Bought a potion of haste for 120 gold pieces
 27121 | Orc:2    | Bought a potion of heal wounds for 60 gold pieces
 27121 | Orc:2    | Bought a potion of invisibility for 96 gold pieces
 27121 | Orc:2    | Bought a potion of heal wounds for 60 gold pieces
 27121 | Orc:2    | Bought a potion of heal wounds for 60 gold pieces
 27121 | Orc:2    | Bought a potion of haste for 120 gold pieces
 27121 | Orc:2    | Bought a potion of curing for 36 gold pieces
 27121 | Orc:2    | Bought a potion of enlightenment for 60 gold pieces
 27123 | Orc:2    | Bought a potion of haste for 140 gold pieces
 27123 | Orc:2    | Bought a scroll of summoning for 133 gold pieces
 27123 | Orc:2    | Bought a scroll of teleportation for 42 gold pieces
 27123 | Orc:2    | Bought a wand of iceblast (5) for 168 gold pieces
 27350 | Snake:2  | Learned a level 2 spell: Blink
 27694 | Snake:3  | Identified the +3 orcbow "Melugis" {freeze, rC+ rCorr
                  | Str-2}
 27820 | Snake:3  | Found a basalt altar of Yredelemnul.
 28354 | Snake:4  | Entered Level 4 of the Snake Pit
 28658 | Snake:4  | Reached skill level 19 in Short Blades
 28715 | Snake:4  | Reached ****** piety under Ashenzari
 29048 | Snake:4  | Identified the +3 scale mail of Wonk {Str+3}
 29225 | Snake:4  | Identified the +0 battleaxe "Giemiss" {venom, Int+3}
 29841 | Snake:4  | Reached skill level 5 in Hexes
 30037 | Snake:4  | Got a serpentine rune of Zot
 30404 | Vaults:1 | Entered Level 1 of the Vaults
 30630 | Vaults:1 | Found Gureirchu's Antique Armour Shop.
 30650 | Vaults:1 | Bought a pair of crude gloves for 332 gold pieces
 30650 | Vaults:1 | Identified the +2 pair of gloves of Indomitability {Str+2}
                  | (You bought it in a shop on level 1 of the Vaults)
 30787 | Vaults:1 | Reached XP level 19. HP: 75/120 MP: 32/32
 32015 | Vaults:2 | Found a crumbling gateway.
 32026 | Desolati | Entered the Desolation of Salt
 32429 | Desolati | Identified Iskenderun's Incunable of Concussion
 32455 | Desolati | Identified the +9 rapier of Purpose {flame, rElec rC- rCorr
                  | Int+2}
 32457 | Desolati | Found the +9 sword of Power {lifebolt}
 32735 | Desolati | Identified the +4 scimitar of Disintegration {freeze,
                  | Will+}
 32740 | Desolati | Identified the Incunabulum of Guile and the Anticline
 32830 | Desolati | Reached skill level 5 in Air Magic
 32919 | Desolati | Identified the ring of Xom, Healing {rC+ Int+6}
 32923 | Desolati | Identified the +5 orcbow of Zob Kaem {heavy, rPois rC+
                  | Stlth+}
 32929 | Desolati | Found the +10 zealot's sword {holy, Zealotry, *Rage rN+
                  | EV+3}
 33040 | Desolati | Identified the Volume of the Metallic Cemetery
 33288 | Vaults:2 | Identified the orb "Miosis" {*channel, Dex+5}
 33288 | Vaults:2 | Noticed Frederick
 33292 | Vaults:2 | Killed Frederick
 33293 | Vaults:2 | Reached XP level 20. HP: 128/128 MP: 34/34
 33629 | Vaults:2 | Reached skill level 20 in Short Blades
 33645 | Vaults:2 | Acquired 301 gold pieces
 34330 | Vaults:3 | Reached skill level 1 in Throwing
 34352 | Vaults:3 | Learned a level 3 spell: Swiftness
 34526 | Vaults:3 | Found Ymantuhe's Weapon Shop.
 34567 | Vaults:3 | Found a staircase to the Crypt.
 34912 | Vaults:3 | Found Ynestokk's General Store.
 34915 | Vaults:3 | Found Dutysch's Assorted Antiques.
 35285 | Vaults:3 | Identified the cursed scarf "Overhang to Understand" {rC+
                  | rF+, Range, Self} (You found it in an ice cave)
 35285 | Vaults:3 | Identified the cursed +0 helmet "Doubts of Ashenzari"
                  | {Range, Dev} (You bought it in a shop on level 1 of the
                  | Orcish Mines)
 35285 | Vaults:3 | Identified the cursed +1 pair of boots of the Eye in the
                  | Sky {Elem, Dev} (You found it on level 1 of the Dungeon)
 35285 | Vaults:3 | Identified the cursed +5 kite shield of the Eternal Prison
                  | {reflect, Elem, Fort} (You took it off a naga warrior on
                  | level 4 of the Snake Pit)
 35285 | Vaults:3 | Identified the cursed +0 troll leather armour of
                  | Ashenzari's Negation {Regen+, Cun, Dev} (You found it on
                  | level 9 of the Dungeon)
 35285 | Vaults:3 | Identified the cursed ring "Discomfort of Ashenzari"
                  | {Dex+6, Elem, Dev} (You found it on level 4 of the Snake
                  | Pit)
 35285 | Vaults:3 | Identified the cursed ring "Share My Gnosis" {rPois, Bglg,
                  | Cun} (You found it on level 6 of the Dungeon)
 35366 | Vaults:3 | Found Wuojeufa's Book Boutique.
 35694 | Vaults:3 | Bought 3 scrolls of revelation for 495 gold pieces
 35694 | Vaults:3 | Bought a scroll of fog for 88 gold pieces
 35811 | Vaults:3 | Reached skill level 10 in Armour
 36257 | Vaults:4 | Reached XP level 21. HP: 133/134 MP: 31/36
 37854 | Elf:1    | Entered Level 1 of the Elven Halls
 38313 | Elf:1    | Identified the +5 quarterstaff of Circularity {vamp, Will+}
 38376 | Elf:1    | Found The Oracle's Delphic Readings.
 38380 | Elf:1    | Bought a scroll of revelation for 112 gold pieces
 38558 | Elf:1    | Reached skill level 21 in Short Blades
 38712 | Elf:1    | Noticed Zenata
 38716 | Elf:1    | Killed Zenata
 38788 | Elf:1    | Found Kudgher's Antique Weapon Shoppe.
 38881 | Elf:1    | Found a radiant altar of Vehumet.
 39081 | Elf:1    | Reached XP level 22. HP: 141/141 MP: 35/37
 39589 | Elf:2    | Found a runed translucent gate.
 39590 | Elf:2    | Found a runed translucent gate.
 39590 | Elf:2    | Found a runed translucent gate.
 39697 | Elf:2    | Paralysed by an air elemental for 1 turns
 40406 | Elf:2    | Reached skill level 5 in Throwing
 41452 | Elf:3    | Entered Level 3 of the Elven Halls
 41534 | Elf:3    | Learned a level 1 spell: Apportation
 42048 | Elf:3    | Paralysed by an air elemental for 1 turns
 42673 | Elf:3    | Identified the +6 quarterstaff "Ytwahufe" {antimagic,
                  | Str+2}
 42680 | Elf:3    | Identified the +2 robe of the Gloaming {rN+ Str+2}
 42681 | Elf:3    | Identified the +1 plate armour of the Spider Nest {Int+3}
 42890 | Elf:3    | Identified the ring "Zoityr" {Ice rCorr}
 42891 | Elf:3    | Identified the +2 leather armour of Mezcal {rPois Dex+3}
 42892 | Elf:3    | Identified the Octavo of Ectoplasm and Ignition
 42894 | Elf:3    | Identified the +7 scale mail of Sloth {Harm}
 42896 | Elf:3    | Identified the ring "Kiwnadai" {Fire rPois Will+ Dex+2}
 42900 | Elf:3    | Identified the ring of Hosaocw {Wiz Will- Str+3 Int+3}
 42902 | Elf:3    | Identified the +2 dire flail of Plog {holy, Will+ Str+5}
 43006 | Elf:3    | Reached XP level 23. HP: 147/147 MP: 36/39
 43472 | Swamp:1  | Entered Level 1 of the Swamp
 43627 | Swamp:1  | Reached skill level 22 in Short Blades
 44326 | Swamp:2  | Identified the +8 battleaxe "Timimn" {protect, Dex+4}
 45558 | Swamp:4  | Entered Level 4 of the Swamp
 46251 | Swamp:4  | Got a decaying rune of Zot
 46961 | Vaults:5 | Entered Level 5 of the Vaults
 47727 | Vaults:5 | Noticed a golden dragon
 47731 | Vaults:5 | Killed a golden dragon
 47732 | Vaults:5 | Reached XP level 24. HP: 154/154 MP: 36/39
 48005 | Vaults:5 | Reached skill level 23 in Short Blades
 48104 | Vaults:5 | Found the +27 heavy crossbow "Sniper" {heavy, Acc+∞ SInv}
 48105 | Vaults:5 | Found the crystal ball of Wucad Mu {*channel}
 49017 | Vaults:5 | Identified the ring of the Kodama {Wiz rPois rC- rN+}
 49047 | Vaults:5 | Found the +5 robe of Night {Dark Will+ SInv}
 49047 | Vaults:5 | Identified the ring of Xuckebuw {Wiz rPois Int+2 Dex+2}
 49048 | Vaults:5 | Identified the +1 robe "Fatt" {rPois Slay+3}
 49450 | Vaults:5 | Found Gaomel's Distillery.
 49521 | Vaults:5 | Noticed an ancient lich
 49525 | Vaults:5 | Killed an ancient lich
 49527 | Vaults:5 | Got a silver rune of Zot
 49573 | Vaults:5 | Found Cifa's Magic Scroll Shop.
 49579 | Vaults:5 | Bought a scroll of acquirement for 936 gold pieces
 49611 | Vaults:5 | Acquired 789 gold pieces
 49865 | Vaults:5 | Identified the ring of the Four Heavens {*Slow EV+5 Int+4
                  | Stlth+}
 49867 | Vaults:5 | Noticed a dread lich
 49891 | Vaults:5 | Killed a dread lich
 50776 | Crypt:1  | Entered Level 1 of the Crypt
 50852 | Crypt:1  | Reached XP level 25. HP: 160/160 MP: 38/38
 51080 | Crypt:1  | Reached skill level 15 in Fighting
 51145 | Crypt:1  | Found a basalt altar of Yredelemnul.
 51526 | Crypt:1  | Reached skill level 10 in Shields
 52237 | Crypt:2  | Noticed Khufu
 52269 | Crypt:2  | Killed Khufu
 52364 | Crypt:2  | Reached skill level 15 in Evocations
 52405 | Crypt:2  | Reached skill level 24 in Short Blades
 53458 | Crypt:3  | Entered Level 3 of the Crypt
 53828 | Crypt:3  | Noticed Mennas
 53831 | Crypt:3  | Killed Mennas
 54245 | Crypt:3  | Noticed Bai Suzhen
 54249 | Crypt:3  | Killed Bai Suzhen
 54382 | Crypt:3  | Identified the scarf "Fainn" {rC+ rF+, rN+ Regen+ Str-2
                  | Int+3}
 54479 | Crypt:3  | Found the +9 sword of Zonguldrok {reap}
 54523 | Crypt:3  | Found a staircase to the Tomb.
 54680 | Crypt:3  | Identified the ring of Afaunga {Ice ^Contam Dex+7}
 54680 | Crypt:3  | Identified the death talisman of Duty {Dex+5}
 54680 | Crypt:3  | Noticed Josephina
 54706 | Crypt:3  | Killed Josephina
 55172 | Crypt:3  | Found an ancient bone altar of Kikubaaqudgha.
 55222 | Crypt:3  | Reached skill level 1 in Shapeshifting
 55302 | Crypt:3  | Noticed an ancient lich
 55306 | Crypt:3  | Killed an ancient lich
 55307 | Crypt:3  | Reached XP level 26. HP: 161/161 MP: 33/36
 55825 | Depths:1 | Entered Level 1 of the Depths
 55853 | Depths:1 | Found a blossoming altar of Fedhas.
 55961 | Depths:1 | Found a one-way gateway to a ziggurat.
 55988 | Depths:1 | Found Baucsi's Magic Scroll Boutique.
 55991 | Depths:1 | Bought a scroll of acquirement for 1196 gold pieces
 55991 | Depths:1 | Bought a scroll of revelation for 172 gold pieces
 56144 | Depths:1 | Noticed the Enchantress
 56158 | Depths:1 | Killed the Enchantress
 56295 | Depths:1 | Found a gateway to Hell.
 56894 | Depths:2 | Reached skill level 10 in Throwing
 57302 | Depths:2 | Identified the +1 ring mail "Qelibb" {*Slow rPois Int+9
                  | Slay-3}
 57302 | Depths:2 | Identified the staff of the Reaper {rPois Dex+3 Air
                  | Alchemy}
 57370 | Depths:2 | Identified the +5 hand axe "Beetleslayer" {elec, Fly}
 57503 | Depths:2 | Found Ryus's Jewellery Shoppe.
 57604 | Depths:2 | Found a one-way gate to the infinite horrors of the Abyss.
 58072 | Depths:2 | Found a glowing silver altar of Zin.
 58212 | Depths:2 | Reached skill level 25 in Short Blades
 59041 | Depths:3 | Noticed Sojobo
 59046 | Depths:3 | Killed Sojobo
 59272 | Depths:3 | Reached XP level 27. HP: 168/168 MP: 36/36
 59298 | Depths:3 | Identified the +5 whip of Cobwebs {freeze, *Rage rElec
                  | rCorr SInv}
 59358 | Depths:3 | Reached skill level 5 in Shapeshifting
 59637 | Depths:3 | Acquired the amulet of the Omega Point {Rampage rC+++
                  | Regen+ Str+3 Stlth-}
 59677 | Depths:4 | Entered Level 4 of the Depths
 59779 | Depths:4 | Found a flickering gateway to a bazaar.
 59785 | Bazaar   | Entered a bazaar
 59788 | Bazaar   | Found Hetoavi's Assorted Antiques.
 59799 | Bazaar   | Found Utosaulics's Jewellery Boutique.
 59810 | Bazaar   | Found Zikesad's Antique Weapon Emporium.
 59821 | Bazaar   | Found Neqeor's Armour Shop.
 59837 | Bazaar   | Bought a scroll of enchant armour for 187 gold pieces
 59943 | Depths:4 | Found Ziademo's Jewellery Emporium.
 59943 | Depths:4 | Found Xeith's Jewellery Emporium.
 59944 | Depths:4 | Found Rukhinn's Book Boutique.
 59984 | Depths:4 | Identified the scarf of Defence {shadows, +Blink Regen+
                  | Dex+2}
 59990 | Depths:4 | Found Duseite's One-of-a-Kind Books.
 60026 | Depths:4 | Identified the +10 mace "Wunohimo" {elec, *Slow rElec rCorr
                  | Dex+4}
 60245 | Depths:4 | Identified the ring of Fimunk {rElec rF+}
 60506 | Depths:4 | Found a gate to the Realm of Zot.
 60777 | Zot:1    | Entered Level 1 of the Realm of Zot
 65266 | Zot:4    | Noticed an orb of fire
 66255 | Zot:5    | Entered Level 5 of the Realm of Zot
 66315 | Zot:5    | Identified the ring "Usoppin" {rCorr MP+9}
 66523 | Zot:5    | Reached skill level 26 in Short Blades
 67536 | Slime:1  | Entered Level 1 of the Pits of Slime
 68384 | Slime:5  | Entered Level 5 of the Pits of Slime
 68484 | Slime:5  | Identified the Textbook on the Sun and the Catalyst
 68576 | Slime:5  | Identified the +4 leather armour "Puthras" {rN+}
 69059 | Slime:5  | Noticed the Royal Jelly
 69083 | Slime:5  | Killed the Royal Jelly
 69210 | Slime:5  | Identified the +3 helmet "Kiss" {rN+ Regen+ Dex+2}
 69304 | Slime:5  | Identified the +7 rapier of Certain Death {protect, ^Drain
                  | Int+4 Dex+3}
 69316 | Slime:5  | Got a slimy rune of Zot
 69438 | Slime:5  | Identified Sif Muna's Elucidation of Chilblains and
                  | Peregrination
 70062 | Tomb:1   | Entered Level 1 of the Tomb of the Ancients
 70956 | Tomb:1   | Reached skill level 10 in Shapeshifting
 71060 | Tomb:1   | Noticed a royal mummy
 71062 | Tomb:1   | Killed a royal mummy
 71111 | Tomb:1   | Noticed a royal mummy
 71133 | Tomb:1   | Killed a royal mummy
 71831 | Hell     | Entered the Vestibule of Hell
 71831 | Hell     | Noticed Geryon
 71845 | Hell     | Killed Geryon
 71894 | Hell     | Noticed Murray
 71987 | Depths:1 | Killed Murray
 72334 | Hell     | Found a gateway to the Iron City of Dis.
 72486 | Hell     | Found a gateway to the freezing wastes of Cocytus.
 72775 | Hell     | Found a gateway to the ashen valley of Gehenna.
 72918 | Hell     | Found a gateway to the decaying netherworld of Tartarus.
 73015 | Dis:1    | Entered Level 1 of the Iron City of Dis
 73810 | Zot:5    | Noticed a Killer Klown
 73816 | Zot:5    | Killed a Killer Klown
 73874 | Zot:5    | Noticed a dread lich
 73891 | Zot:5    | Killed a dread lich
 74005 | Zot:5    | Noticed a dread lich
 74010 | Zot:5    | Noticed an orb of fire
 74020 | Zot:5    | Killed an orb of fire
 74032 | Zot:5    | Killed a dread lich
 74086 | Zot:5    | Noticed an orb of fire
 74097 | Zot:5    | Gained mutation: You are frail. (-10% HP) [an orb of fire]
 74109 | Zot:5    | Gained mutation: You are agile. (Dex +4, Str/Int -1) [an
                  | orb of fire]
 74111 | Zot:5    | Gained mutation: You occasionally shout uncontrollably at
                  | your foes. [an orb of fire]
 74131 | Zot:5    | Killed an orb of fire
 74397 | Zot:5    | Noticed a Killer Klown
 74406 | Zot:5    | Killed a Killer Klown
 74478 | Zot:5    | Noticed an ancient lich
 74490 | Zot:5    | Killed an ancient lich
 74528 | Zot:5    | Noticed an orb of fire
 74555 | Zot:5    | Gained mutation: You frequently scream uncontrollably at
                  | your foes. [an orb of fire]
 74561 | Zot:5    | Gained mutation: Your spells are a little easier to cast,
                  | but a little less powerful. [an orb of fire]
 74567 | Zot:5    | Gained mutation: You have hidden genetic defects. [an orb
                  | of fire]
 74572 | Zot:5    | Lost mutation: You are frail. (-10% HP) [potion of
                  | mutation]
 74572 | Zot:5    | Lost mutation: Your spells are a little easier to cast, but
                  | a little less powerful. [potion of mutation]
 74572 | Zot:5    | Lost mutation: You frequently scream uncontrollably at your
                  | foes. [potion of mutation]
 74572 | Zot:5    | Gained mutation: Your magical capacity is low. (-10% MP)
                  | [potion of mutation]
 74572 | Zot:5    | Gained mutation: You are robust. (+10% HP) [potion of
                  | mutation]
 74572 | Zot:5    | Gained mutation: You occasionally lose the ability to drink
                  | potions when taking damage. [an orb of fire]
 74573 | Zot:5    | Lost mutation: You are robust. (+10% HP) [potion of
                  | mutation]
 74573 | Zot:5    | Lost mutation: You are agile. (Dex +4, Str/Int -1) [potion
                  | of mutation]
 74573 | Zot:5    | Lost mutation: You occasionally shout uncontrollably at
                  | your foes. [potion of mutation]
 74573 | Zot:5    | Gained mutation: You are vulnerable to cold. (rC-) [potion
                  | of mutation]
 74573 | Zot:5    | Gained mutation: You have a pair of small antennae on your
                  | head. [potion of mutation]
 74573 | Zot:5    | Gained mutation: You are robust. (+10% HP) [potion of
                  | mutation]
 74577 | Zot:5    | Lost mutation: You occasionally lose the ability to drink
                  | potions when taking damage. [potion of mutation]
 74577 | Zot:5    | Lost mutation: You are robust. (+10% HP) [potion of
                  | mutation]
 74577 | Zot:5    | Lost mutation: You have hidden genetic defects. [potion of
                  | mutation]
 74577 | Zot:5    | Gained mutation: Your muscles are strong. (Str +4, Int/Dex
                  | -1) [potion of mutation]
 74577 | Zot:5    | Gained mutation: Your magical capacity is very low. (-20%
                  | MP) [potion of mutation]
 74583 | Zot:5    | Gained mutation: You are vulnerable to heat. (rF-) [an orb
                  | of fire]
 74585 | Zot:5    | HP: 8/186 [orb of fire/fireball (54)]
 74588 | Zot:5    | Killed from afar by an orb of fire

Illustrated notes

Levels and vault maps discovered:
D:1:      scummos_arrival_simple_crosswalls, layout_rooms
D:2:      layout_basic, serial_shops, nicolae_shop_tiny_statue_garden
D:3:      layout_rooms, serial_shops, shop_fountains, serial_undead,
          serial_undead_f, serial_undead_f, serial_undead_d, serial_undead_b,
          serial_undead_a, serial_undead_f, uniq_jessica
D:4:      layout_gridville, nicolae_uskayaw_en_pointe,
          minmay_overflow_temple_star_quad, portal_sewer_entry_f,
          gup_ossuary_entry_pyramid, kennysheep_generic_room_4, uniq_eustachio,
          uniq_duvessa
D:5:      layout_cave_pools, xom_confusion_cloud, mainiacjoe_overflow_alcove_2
D:6:      layout_basic, nicolae_gozag_cash_rules_everything_around_me,
          kennysheep_decorative_pillar, minmay_manual_monstrance
D:7:      layout_loops_cross, nicolae_elyvilon_temple_path,
          minmay_temple_entry_glassed_door, serial_shops, shop, enter_bailey_2,
          uniq_maggie, uniq_joseph
D:8:      layout_basic, nrook_mini_backslash, uniq_jeremiah, uniq_amaemon,
          uniq_pikel
D:9:      layout_gridville, due_lair_maze_entry_diamond, erik_orc_3, uniq_grum
D:10:     layout_gridville, lemuel_doored_altar, corexii_leaking_fountain
D:11:     layout_roguey
D:12:     layout_basic, nicolae_kikubaaqudgha_miasma_corner
D:13:     layout_small_grid, lightli_vaults_fourway_checkpoint, hangedman_aviary
D:14:     layout_roguey, lemuel_round_altar
D:15:     gammafunk_enter_depths_forms, layout_loops_ring, serial_shops, shop,
          pdpol_wu_jian_five_deadly_venoms, uniq_louise
Temple:   nicolae_temple_god_jail
Lair:1:   layout_regular_city, portal_ice_cave_entry_pillars_2,
          lemuel_fruit_fields, lemuel_fruit_tree, serial_bayou_shore_a
Lair:2:   layout_regular_city, minmay_swamp_entry_worms, enter_volcano_1,
          grunt_megastairs_3
Lair:3:   layout_roguey, guppyfry_snake_entry_island, nzn_random_ring
Lair:4:   layout_misc_corridors, slime_entry_1
Lair:5:   hangedman_lair_in_review, layout_cave_pods, uniq_urug
Swamp:1:  layout_basic_swamp, evilmike_swamp_ruin_house_1, swamp_pool_4,
          cheibrodos_swamp_witchery
Swamp:2:  layout_falls_marsh, nicolae_swamp_round_clearing
Swamp:3:  layout_basic_swamp, nicolae_swamp_stair_fork,
          nicolae_swamp_tree_isthmus
Swamp:4:  swamp_icy, layout_basic_swamp, nicolae_swamp_long_stream
Snake:1:  layout_chambers
Snake:2:  layout_grid_maze
Snake:3:  layout_concentric_octagons, lemuel_oklob_altar
Snake:4:  minmay_snake_end_coiled, layout_cave_town,
          nicolae_snake_gridmaze_swirls
Slime:1:  layout_caves
Slime:2:  layout_caves
Slime:3:  layout_caves
Slime:4:  nicolae_slime_spelunking
Slime:5:  slime_pit_nicolae_inversion
Orc:1:    layout_caves, serial_shops, shop, hangedman_feature_mirror,
          sword_in_stone, uniq_nergalle
Orc:2:    pf_orc_diabolical, layout_caves, abandoned_shop,
          nicolae_orc_beogh_chapel, nicolae_shop_gadgets, uniq_sonja,
          uniq_donald, uniq_erolcha
Elf:1:    elf_arrival_002, layout_loops_cross, special_room [special_room_orc],
          serial_shops, shop, evilmike_minifort, nicolae_nh_oracle_at_delphi,
          lemuel_upstairs_altar, uniq_zenata
Elf:2:    nicolae_elf_blades_crystal_corner, layout_loops_corners, st_stairs_13,
          nicolae_zig_zag_zippers
Elf:3:    minmay_elf_hall_dome, layout_onion_city, hangedman_elf_power_crystal
Vaults:1: hangedman_vaults_hat, dpeg_vaults_monster_box, v_misc_11,
          vaults_mumra_chevron_long, nicolae_vaults_little_squares_3,
          nicolae_vaults_little_squares_1, nicolae_vaults_house_2,
          nicolae_vaults_apartment_1, layout_vaults_omnigrid, serial_shops, shop
Vaults:2: portal_desolation_entry_nicolae_forbidding_blocks, vaults_dpeg_hooks,
          vaults_room_hallway, grunt_vaults_funnel, vaults_dpeg_encased_lava,
          nicolae_vaults_surprise_closet, ontoclasm_vaults_decontamination,
          nicolae_vaults_offset_grid_hallway_3, hangedman_vaults_trim,
          ontoclasm_vaults_bender, nicolae_vaults_little_squares_1,
          vaults_room_ringed_pool, nicolae_vaults_surprise_closet,
          nicolae_vaults_closet_pinwheel_4, layout_vaults_omnicross,
          uniq_frederick
Vaults:3: v_misc_5, nicolae_vaults_network_quinsquares
          [nicolae_vaults_network_quincunx_subvault,
          nicolae_vaults_network_quincunx_subvault,
          nicolae_vaults_network_quincunx_subvault,
          nicolae_vaults_network_quincunx_subvault], nicolae_vaults_apartment_1,
          v_alt_pattern_3, minmay_crypt_entry_simple_corners,
          nicolae_vaults_storage_room_doors, nicolae_vaults_closet_pinwheel_4,
          nicolae_vaults_little_squares_3, nicolae_vaults_spaceships, v_rooms_1,
          nicolae_vaults_tangram_1, ontoclasm_vaults_loading_screen,
          nicolae_vaults_little_squares_5, vaults_room_glass_cross,
          nicolae_vaults_alarming, layout_vaults_maze_bifur, serial_shops,
          shop_fountains, nicolae_shop_statue_plus,
          nicolae_shop_tiny_statue_garden, shop
Vaults:4: vaults_dpeg_doors, nicolae_vaults_closet_pinwheel_1,
          nicolae_vaults_murder_corner, vaults_room_corners,
          nicolae_vaults_cochlea, nicolae_vaults_offset_grid_hallway_4,
          v_misc_5, nicolae_vaults_border_crossing,
          nicolae_vaults_double_plus_3, v_misc_5, nicolae_vaults_double_plus_2,
          v_misc_30, layout_vaults_big_room
Vaults:5: serial_shops
Crypt:1:  layout_misc_corridors, hangedman_weighted_door, st_stairs_2,
          lemuel_mausoleum_altar_yredelemnul, grunt_crypt_arrival_guarded_gate,
          uniq_margery
Crypt:2:  statuecave_lemuel, layout_misc_corridors, nicolae_crypt_smalloseum,
          lemuel_elevator, uniq_khufu
Crypt:3:  quadcrypt_mu, uniq_josephina, uniq_mennas, uniq_bai_suzhen
Tomb:1
Depths:1: layout_cave_pools, enter_ziggurat_d, pf_hell_entry_tar_spiral,
          serial_column_ruins, column_ruins_hut, column_ruins_hut,
          column_ruins_grid_4, column_ruins_columns_straight,
          column_ruins_open_small, column_ruins_columns_corner,
          column_ruins_grid_1, column_ruins_open_small_water,
          column_ruins_grid_3, fedhas_altar_3, serial_shops,
          kennysheep_mini_moat, kennysheep_generic_room_3, uniq_enchantress
Depths:2: kennysheep_bubbly, layout_cave_pools, serial_shops, shop,
          abyss_entry_crystal, lemuel_tele_altar, hell_entry, pan_entry,
          minmay_fire_ice_demons, minmay_staircase_windowed_large
Depths:3: nicolae_terramorphic_expanse [nicolae_terramorphic_quarter,
          nicolae_terramorphic_quarter, nicolae_terramorphic_quarter,
          nicolae_terramorphic_quarter, nicolae_terramorphic_quarter,
          nicolae_terramorphic_biome, nicolae_terramorphic_biome,
          nicolae_terramorphic_biome, nicolae_terramorphic_biome],
          layout_gridville, serial_rivers, chequers_serial_rivers_small_b,
          chequers_serial_rivers_room_b, chequers_serial_rivers_micro_a,
          chequers_serial_rivers_micro_a, chequers_serial_rivers_small_3,
          pf_coc_iceberg, small_statue_intersection, abyss_entry, uniq_sojobo
Depths:4: grunt_zot_entry_bicorn, layout_long_grid, hangedman_geh_valley,
          serial_shops, bzr_entry_safe, nicolae_rare_books, minmay_shop_grove
Hell
Dis:1:    layout_gridville, nicolae_dis_spooky_hallway
Zot:1:    layout_gridville, hangedman_zot_wheel_spokes
Zot:2:    layout_cathedral_of_symmetry, regret_index_zotdec_serpentine_scales
Zot:3:    layout_gridlike, amethyst_zot_foddershock
Zot:4:    layout_basic, regret_index_zotdec_iron_s, nrook_zot_tub
Zot:5:    layout_cellular_growth, kennysheep_underground_church

Skill      XL: |  1  2  3  4  5  6  7  8  9 10 11 12 13 14 15 16 17 18 19 20 21 22 23 24 25 26 27 |
---------------+----------------------------------------------------------------------------------+-----
Short Blades   | 2 3 4 5 7 9 10 12 13 15 16 17 18 19 20 21 22 23 24 25 26 | 26.8
Fighting       | 1 2 3 4 5 6 7 8 9 10 11 12 13 14 15 16 19 | 19.7
Dodging        | 3 4 5 7 8 10 11 12 13 14 15 16 17 18 19 20 21 22 23 24 | 24.3
Armour         | 1 2 3 4 5 6 7 8 9 10 11 12 14 | 14.0
Stealth        | 5 6 8 10 11 13 15 16 17 18 19 20 21 22 23 24 | 24.3
Evocations     | 1 3 5 6 7 8 9 10 11 12 13 14 15 18 | 18.3
Shields        | 1 3 4 5 6 7 8 9 10 12 | 12.7
Spellcasting   | 4 5 6 7 8 9 |  9.9
Conjurations   | 2 3 4 |  4.4
Ice Magic      | 2 3 |  3.7
Air Magic      | 2 3 5 6 7 8 |  8.7
Translocations | 2 3 4 |  4.1
Earth Magic    | 2 3 4 |  4.0
Hexes          | 4 5 6 7 8 9 |  9.6
Throwing       | 2 4 5 7 8 9 10 13 | 13.6
Shapeshifting  | 1 4 11 | 11.5

Action                     |  1- 3 |  4- 6 |  7- 9 | 10-12 | 13-15 | 16-18 | 19-21 | 22-24 | 25-27 || total
---------------------------+-------+-------+-------+-------+-------+-------+-------+-------+-------++-------
  Melee: Dagger            |    57 |       |       |       |       |       |       |       |       ||    57
         Short sword       |    15 |       |       |       |       |       |       |       |       ||    15
         Rapier            |    10 |    51 |   224 |   506 |   795 |  1099 |   957 |  1123 |  2695 ||  7460
         Punch             |       |       |     2 |     3 |       |       |       |       |       ||     5
  Throw: Dart              |       |       |     2 |       |       |       |       |       |       ||     2
   Cast: Ensorcelled Hiber |       |       |       |       |       |     1 |       |       |       ||     1
         Silence           |       |       |       |       |       |       |    42 |   134 |   263 ||   439
         Passwall          |       |       |       |       |       |       |     2 |       |     3 ||     5
         Apportation       |       |       |       |       |       |       |       |     2 |       ||     2
 Invoke: Curse Item        |       |       |       |     5 |     2 |     5 |     3 |       |     4 ||    19
         Shatter the Chain |       |       |       |       |       |     5 |       |     1 |     4 ||    10
  Evoke: Wand              |       |       |       |       |     1 |       |     3 |     1 |    19 ||    24
         Condenser vane    |       |       |       |       |       |       |     2 |       |     3 ||     5
         Box of beasts     |       |       |       |       |       |       |       |       |     2 ||     2
    Use: Scroll            |     1 |    10 |     6 |     3 |       |     3 |     3 |     1 |     5 ||    32
         Potion            |       |     1 |     1 |     4 |     6 |     4 |     2 |     2 |    15 ||    35
   Stab: Sleeping          |    19 |    12 |    26 |    48 |    52 |   111 |   159 |   213 |   409 ||  1049
         Invisible         |       |     1 |       |       |       |       |       |       |       ||     1
         Distracted        |       |       |     4 |     2 |     5 |    14 |     6 |     3 |    35 ||    69
 Armour: Robe              |    23 |    19 |    76 |       |       |       |       |       |       ||   118
         Skin              |       |       |     5 |       |       |       |       |       |       ||     5
         Leather armour    |       |       |    42 |   119 |       |       |       |       |       ||   161
         Troll leather arm |       |       |       |   105 |   457 |   631 |   576 |   503 |  1420 ||  3692
  Dodge: Dodged            |    49 |    27 |   126 |   265 |   481 |   611 |   342 |   335 |  1188 ||  3424
  Block: Buckler           |       |       |       |    15 |   140 |    18 |       |       |       ||   173
         Kite shield       |       |       |       |       |       |   526 |   817 |   818 |  1754 ||  3915
         Reflection        |       |       |       |       |       |    30 |    19 |    18 |    15 ||    82
